 Dungeon Crawl Stone Soup version 0.28-a0-980-g3664467d6e (webtiles) character file.

Game seed: 9119790225288630178

1048 Ijustatesigmund the Skirmisher (level 8, -1/50 (71) HPs)
             Began as a Hill Orc Artificer on Dec 2, 2021.
             Was an Initiate of Cheibriados.
             Slain by Edmund (6 damage)
             ... on level 6 of the Dungeon.
             The game lasted 00:12:35 (7735 turns).

Ijustatesigmund the Skirmisher (Hill Orc Artificer) Turns: 7735, Time: 00:12:35

HP:   -1/50 (71)    AC: 10    Str: 16    XL:     8   Next: 25%
MP:   8/8           EV: 10    Int: 14    God:    Cheibriados [......]
Gold: 70            SH:  0    Dex: 12    Spells: 7/7 levels left

rFire   . . .      SeeInvis .   a - +0 war axe
rCold   . . .      Faith    .   (no shield)
rNeg    . . .      Spirit   .   b - +0 ring mail of the Present {rElec}
rPois   .          Reflect  .   (no helmet)
rElec   +          Harm     .   g - +1 cloak
rCorr   .          Rampage  .   h - +1 pair of gloves
Will    .....                   (no boots)
Stlth   +.........              (no amulet)
HPRegen 0.16/turn               (no ring)
MPRegen 0.11/turn               (no ring)

@: very heavily drained, very slow
A: no striking features
a: Renounce Religion


You were on level 6 of the Dungeon.
You worshipped Cheibriados.
Cheibriados was noncommittal.
You visited 2 branches of the dungeon, and saw 7 of its levels.

You collected 163 gold pieces.
You spent 93 gold pieces at shops.

Inventory:

Hand Weapons
 a - a +0 war axe (weapon)
Missiles
 f - 25 poisoned darts (quivered)
Armour
 b - the +0 ring mail of the Present (worn) {rElec}
   (You found it on level 4 of the Dungeon)

   rElec:     It insulates you from electricity.
 g - a +1 cloak (worn)
 h - a +1 pair of gloves (worn)
Jewellery
 p - a ring of positive energy
Wands
 c - a wand of flame (10)
 d - a wand of charming (6)
Scrolls
 q - a scroll of teleportation
 s - a scroll of enchant armour
Potions
 i - a potion of brilliance
 j - 2 potions of resistance
 k - 2 potions of curing
 l - a potion of cancellation
 m - a potion of mutation
 n - 2 potions of might {unknown}
 o - a potion of magic {unknown}
 t - a potion of heal wounds
Miscellaneous
 e - a piece from Xom's chessboard (15/15)


   Skills:
 + Level 6.5 Fighting
 + Level 6.2 Axes
 - Level 6.2 Armour
 - Level 0.7 Dodging
 - Level 0.7 Stealth
 + Level 0.6 Invocations
 - Level 3.7 Evocations


You had 7 spell levels left.
You didn't know any spells.
Your spell library contained the following spells:

 Spells                   Type           Power      Damage    Failure   Level
 Passwall                 Tmut/Erth      0%         N/A       58%         2
 Summon Guardian Golem    Hex/Summ       0%         N/A       83%         3
 Swiftness                Air            0%         N/A       83%         3
 Petrify                  Tmut/Erth      0%         N/A       99%         4
 Metabolic Englaciation   Hex/Ice        0%         N/A       100%        5
 Statue Form              Tmut/Erth      0%         N/A       100%        6
 Orb of Destruction       Conj           0%         N/A       100%        7
 Spellforged Servitor     Conj/Summ      0%         N/A       100%        7


Dungeon Overview and Level Annotations

Branches:
Dungeon (6/15)             Temple (1/1) D:6

Altars:
Ashenzari
Cheibriados
Fedhas
Gozag
Hepliaklqana
Kikubaaqudgha
Makhleb
Okawaru
Qazlal
Ru
Sif Muna
Trog
Yredelemnul
Zin
The Shining One

Shops:
D:1 !   D:4 ?*

Annotations:
D:4 Sigmund
D:6 Edmund


Message History

You are too injured to fight recklessly!
You are too injured to fight recklessly!
It was a potion of heal wounds.
You feel much better. Edmund completely misses you.
You hit Edmund.
Edmund is heavily wounded.
Edmund hits you with a +0 dire flail of draining.
You feel drained.
You hit Edmund.
Edmund is heavily wounded.
Edmund hits you with a +0 dire flail of draining!
You feel drained.
Your ring mail of the Present prevents you from hitting Edmund.
Edmund is heavily wounded.
Edmund barely misses you.
You hit Edmund but do no damage.
Edmund is heavily wounded.
Edmund hits you but does no damage.
You feel drained.
You slash Edmund!
Edmund is almost dead.
Edmund hits you but does no damage.
You feel drained. Edmund completely misses you.
You hit Edmund.
Edmund is almost dead.
Edmund hits you with a +0 dire flail of draining!
You feel drained.
You closely miss Edmund.
Edmund is almost dead.
Edmund hits you with a +0 dire flail of draining!
You feel drained.
You hit Edmund but do no damage.
Edmund is almost dead.
Edmund hits you with a +0 dire flail of draining!
* * * LOW HITPOINT WARNING * * *
You feel drained.
* * * LOW HITPOINT WARNING * * *
You hit Edmund.
Edmund is almost dead.
Edmund hits you with a +0 dire flail of draining.
You die...

.. .# . #.
#.#.#.######### #.
#.#.#.#........ #(
............... #.
#.#.#.#.#.#.... #(
#.#.#.#.#.#..##
#@###.#.#.........#
#.@................
.##.###.#.#.#.#.#...#
............<.#.#..##
#..#.###.#.#.#.#.#....
#.... #.#.#...#.#...#
#. ## #.#.#####...#..
# #.............#
...........##..
..#.#..##.####.


You could see Edmund.

Vanquished Creatures
  2 black bears
  A necrophage (D:4)
  3 ogres
  A water moccasin zombie (D:5)
  A scorpion (D:6)
  A bullfrog zombie (D:6)
  A jelly (D:4)
  2 hounds (D:5)
  A bullfrog skeleton (D:5)
  An iguana (D:4)
  An orc wizard (D:3)
  A hound skeleton (D:4)
  A howler monkey zombie (D:5)
  A howler monkey skeleton (D:4)
  8 adders
  3 adder skeletons (D:4)
  3 worms
  3 dart slugs
  4 orcs
  5 ball pythons
  5 endoplasms
  3 giant cockroaches
  4 goblins
  5 hobgoblins
  4 jackals
  6 kobolds
  2 quokkas (D:3)
  5 bats
  2 frilled lizards
  8 rats
88 creatures vanquished.

Vanquished Creatures (collateral kills)
  An orc (D:6)
  A rat (D:2)
2 creatures vanquished.

Vanquished Creatures (others)
  2 orcs
2 creatures vanquished.

Grand Total: 92 creatures vanquished

Notes
Turn   | Place    | Note
-------+----------+-------------------------------------------
     0 | D:1      | Ijustatesigmund the Hill Orc Artificer began the quest for
                  | the Orb.
     0 | D:1      | Reached XP level 1. HP: 16/16 MP: 1/1
    79 | D:1      | Found Qibol's Distillery.
   323 | D:1      | Found a faded altar of an unknown god.
   424 | D:1      | Reached XP level 2. HP: 14/24 MP: 2/2
  1386 | D:2      | HP: 1/24 [poisoned by an adder]
  2005 | D:2      | Reached XP level 3. HP: 20/30 MP: 3/3
  2893 | D:2      | Reached XP level 4. HP: 35/37 MP: 4/4
  3615 | D:3      | Reached skill level 1 in Axes
  3903 | D:3      | Found a bloodstained altar of Trog.
  3910 | D:3      | Reached XP level 5. HP: 44/45 MP: 5/5
  4851 | D:4      | Noticed an ogre
  4866 | D:4      | Killed an ogre
  4867 | D:4      | Reached XP level 6. HP: 52/52 MP: 6/6
  4979 | D:4      | Identified the +0 ring mail of the Present {rElec}
  5009 | D:4      | Found Suavui Ofess's Magic Scroll Shop.
  5014 | D:4      | Found Osar's General Store.
  5027 | D:4      | Bought a scroll of teleportation for 33 gold pieces
  5027 | D:4      | Bought a scroll of fear for 38 gold pieces
  5027 | D:4      | Bought a scroll of identify for 22 gold pieces
  5389 | D:4      | Noticed a necrophage
  5403 | D:4      | Killed a necrophage
  5404 | D:4      | Reached skill level 5 in Fighting
  5404 | D:4      | Reached skill level 5 in Armour
  5404 | D:4      | Reached XP level 7. HP: 57/61 MP: 7/7
  5892 | D:4      | Noticed Sigmund
  5949 | D:5      | Entered Level 5 of the Dungeon
  6008 | D:5      | Reached skill level 5 in Axes
  6248 | D:5      | Reached XP level 8. HP: 70/70 MP: 8/8
  6898 | D:6      | Found a staircase to the Ecumenical Temple.
  6913 | Temple   | Entered the Ecumenical Temple
  7302 | Temple   | Became a worshipper of Cheibriados the Contemplative
  7717 | D:6      | Noticed Edmund
  7735 | D:6      | Slain by Edmund

Illustrated notes

Levels and vault maps discovered:
D:1:      heliophobic_arrival_dark_side_of_the_moon, layout_basic,
          ebering_ecumenical_altar_hall, serial_shops, shop
D:2:      layout_basic, serial_corexii_hall, chequers_hall_statues_corner_a,
          corexii_hall_statues_t, grunt_decor_cap
D:3:      minmay_octagon_keep, layout_basic, mainiacjoe_overflow_surrounded_room
D:4:      layout_basic, nicolae_wooded_promenade, uniq_sigmund
D:5:      layout_gridville, columned_hall_lemuel
D:6:      layout_basic, minmay_temple_entry_sparse_star, serial_shops,
          nicolae_stop_n_shop_1, uniq_edmund, uniq_grinder
Temple:   eino_temple_lava

Skill      XL: |  1  2  3  4  5  6  7  8 |
---------------+-------------------------+-----
Fighting       | 2 3 4 5 6 |  6.5
Armour         | 3 4 5 6 |  6.2
Axes           | 1 2 4 5 6 |  6.2
Dodging        | |  0.7
Stealth        | |  0.7
Invocations    | |  0.6
Evocations     | |  3.7

Action                   |  1- 3 |  4- 6 |  7- 9 || total
-------------------------+-------+-------+-------++-------
Melee: Mace              |   110 |    65 |       ||   175
       War axe           |       |   111 |   121 ||   232
Throw: Dart              |    37 |    23 |    15 ||    75
Evoke: Wand              |     4 |     7 |     3 ||    14
       Piece from Xom's  |       |     1 |       ||     1
  Use: Potion            |     3 |     1 |     1 ||     5
       Scroll            |       |     7 |     6 ||    13
 Stab: Sleeping          |     1 |       |       ||     1
Armor: Leather armour    |    26 |       |       ||    26
       Ring mail         |    25 |   102 |    87 ||   214
       Skin              |    23 |       |       ||    23
Dodge: Dodged            |    76 |   121 |   106 ||   303

Table legend: (Time is in decaauts)
 A = Elapsed time spent in this place.
 B = Non-inter-level travel time spent in this place.
 C = Inter-level travel time spent in this place.
 D = Time resting spent in this place.
 E = Time spent auto-exploring this place.
 F = Levels seen in this place.
 G = Mean time per level.
                   A        B        C        D        E       F      G
               +--------+--------+--------+--------+--------+-----+--------+
         Total |   7887 |   7770 |    117 |   2821 |   3734 |   7 | 1126.7 |
       Dungeon |   7389 |   7283 |    106 |   2440 |   3685 |   6 | 1231.5 |
        Temple |    498 |    487 |     11 |    381 |     49 |   1 |  498.0 |
               +--------+--------+--------+--------+--------+-----+--------+

Top non-repeatable levels by time:
     D:2: 1880 daAuts
     D:3: 1765 daAuts
     D:4: 1255 daAuts
     D:5: 1220 daAuts
     D:1: 1165 daAuts
  Temple: 498 daAuts
     D:6: 102 daAuts
